 Dungeon Crawl Stone Soup version 0.20-a0-16-g0876c8e (webtiles) character file.

86 Lochraine the Digger (level 4, -5/24 HPs)
             Began as a Gargoyle Earth Elementalist on Nov 4, 2016.
             Was an Initiate of Ru.
             Killed by divine providence
             ... invoked by an orc priest
              (13 damage)
             ... on level 3 of the Dungeon.
             The game lasted 00:07:09 (1973 turns).

Lochraine the Digger (Gargoyle Earth Elementalist)  Turns: 1973, Time: 00:07:10

Health: -5/24      AC:  5    Str: 11    XL:     4   Next: 49%
Magic:  0/8        EV: 17    Int: 22    God:    Ru [......]
Gold:   126        SH:  5    Dex: 15    Spells: 2 memorised, 4 levels left

rFire  . . .     SeeInvis .     b - 68 stones
rCold  . . .     Gourm    .     c - +0 robe
rNeg   + . .     Faith    .     m - +0 buckler
rPois  ∞         Spirit   .     (no helmet)
rElec  +         Reflect  .     (no cloak)
rCorr  .         Harm     .     (no gloves)
MR     .....                    (no boots)
Stlth  +++.......               (no amulet)
                                (no ring)
                                (no ring)

@: brilliant, agile, flying, very slightly contaminated
A: negative energy resistance 1, electricity resistance, unbreathing,
petrification resistance, rot immunity, AC +3
a: Renounce Religion


You were on level 3 of the Dungeon.
You worshipped Ru.
Ru was noncommittal.
You were not hungry.

You visited 1 branch of the dungeon, and saw 3 of its levels.

You collected 126 gold pieces.

Inventory:

Hand Weapons
 a - a +0 whip
 f - a +1 dagger of freezing
Missiles
 b - 68 stones (in hand)
 v - a throwing net
Armour
 c - a +0 robe (worn)
 m - a +0 buckler (worn)
Jewellery
 n - an uncursed ring of protection from magic {unknown}
Scrolls
 k - a scroll of remove curse {unknown}
 r - 2 scrolls of identify {unknown}
 t - a scroll of recharging {unknown}
Potions
 h - a potion of brilliance
 i - a potion of flight
 j - a potion of degeneration {unknown}
 l - a potion of mutation {unknown}
 o - a potion of might {unknown}
 q - a potion of curing {unknown}
 s - a potion of agility
 w - a potion of berserk rage {unknown}
Books
 e - a book of Geomancy

   Spells                             Type                      Level
   a - Sandblast                      Earth                        1
   b - Passwall                       Transmutation/Earth          2
   c - Stone Arrow                    Conjuration/Earth            3
   d - Petrify                        Transmutation/Earth          4
   e - Lee's Rapid Deconstruction     Earth                        5
Comestibles
 d - 3 bread rations
 g - a meat ration
 p - 6 chunks of flesh
 u - a beef jerky


   Skills:
 - Level 1.5 Dodging
 - Level 2.1 Stealth
 + Level 2.6 Shields
 - Level 2.7 Spellcasting
 + Level 0.4 Conjurations
   Level 0.7 Transmutations
 - Level 4.4 Earth Magic


You had 4 spell levels left.
You knew the following spells:

 Your Spells              Type           Power        Failure   Level  Hunger
a - Sandblast             Erth           #####.       1%          1    None
b - Stone Arrow           Conj/Erth      ####..       2%          3    ###....


Dungeon Overview and Level Annotations

Branches:
Dungeon (3/15)

Altars:
Fedhas
Gozag
Ru

Annotations:
D:2 1 runed door, exclusion: door


Innate Abilities, Weirdness & Mutations

You are resistant to torment.
Your stone body is resilient. (AC +3)
You are immune to poison.
You resist negative energy. (rN+)
You are resistant to electric shocks. (rElec)
You can survive without breathing.
You are immune to petrification.
You are immune to rotting.


Message History

You fly up into the air.
You hear a shout!
The orc priest closely misses you.
It was a potion of agility.
You feel agile all of a sudden. The orc priest barely misses you.
It was a potion of brilliance.
You feel clever all of a sudden. The orc priest closely misses you.
Casting: Sandblast
Confirm with . or Enter, or press ? or * to list all spells.
Aiming: Sandblast
Press: ? - help, Shift-Dir - straight line, f/p - orc priest
Aim: an orc priest, wielding a trident and wearing a scale mail (heavily wounded)
The rocky blast hits the orc priest.
The orc priest is severely wounded.
The orc priest calls down the wrath of Beogh upon you.
Beogh smites you!
Ouch! That really hurt!
You die...

###.##..........................#
........########.................
###.##..# #...#.o...........
...##..########.#.#.####.#......
...................o.# #.#.##..#
..............####.######.#)# ..#
.#..##...........................
#........####.###o######...##.o.
................@).....##..o# .o#
............................. .>o
................#.#####....# ..#
...##.#..................... ..
#.....####..#.#####..... #.#...#
#....# #.#...# #.#..### #
#...####.#.)... #.............#..


You could see an orc priest.

Vanquished Creatures
  A gnoll (D:1)
  2 adders (D:2)
  An ooze (D:2)
  A worm (D:3)
  A dart slug (D:1)
  A leopard gecko (D:2)
  2 orcs (D:3)
  A ball python (D:2)
  7 bats
  2 giant cockroaches
  3 goblins (D:1)
  7 hobgoblins
  A jackal (D:2)
  2 quokkas (D:2)
  5 frilled lizards
  2 kobolds
  8 rats
47 creatures vanquished.

Notes
Turn   | Place    | Note
-------+----------+-------------------------------------------
     0 | D:1      | Lochraine the Gargoyle Earth Elementalist began the quest for the Orb.
     0 | D:1      | Reached XP level 1. HP: 10/10 MP: 3/3
   243 | D:1      | Reached XP level 2. HP: 12/15 MP: 1/5
   274 | D:1      | Reached skill level 4 in Earth Magic
   569 | D:1      | Reached XP level 3. HP: 11/19 MP: 2/7
   971 | D:2      | Reached skill level 1 in Shields
  1062 | D:2      | Reached XP level 4. HP: 21/24 MP: 4/8
  1127 | D:2      | Found an opulent altar of Gozag.
  1128 | D:2      | Found a sacrificial altar of Ru.
  1129 | D:2      | Found a blossoming altar of Fedhas.
  1156 | D:2      | Became a worshipper of Ru the Awakened
  1226 | D:2      | Learned a level 3 spell: Stone Arrow
  1571 | D:2      | Found a runed door.
  1973 | D:3      | Killed from afar by an orc priest

Vault maps used:
D:1:      zelgadis_glass_arrival_large, minmay_misc_feat_rugged,
          serial_bayou_pond_e
D:2:      grunt_temple_overflow_open, uniq_crazy_yiuf_cottage
D:3:      first_bread, trog_wizard

Skill      XL: |  1  2  3  4 |
---------------+-------------+-----
Earth Magic    | 4 |  4.4
Shields        | 1 2 |  2.6
Dodging        | |  1.5
Stealth        | |  2.1
Spellcasting   | |  2.7
Conjurations   | |  0.4
Transmutations | |  0.7

Action                   |  1- 3 |  4- 6 || total
-------------------------+-------+-------++-------
Melee: Dagger            |    50 |    68 ||   118
       Whip              |     2 |       ||     2
       Unarmed           |     1 |       ||     1
 Cast: Sandblast         |    21 |    17 ||    38
  Use: Potion            |       |     3 ||     3
 Stab: Sleeping          |     5 |     3 ||     8
  Eat: Chunk             |     1 |     3 ||     4
Armor: Robe              |    18 |    20 ||    38
Dodge: Dodged            |    31 |    35 ||    66
Block: Buckler           |     4 |     8 ||    12
